 Dungeon Crawl Stone Soup version 0.31-a0-360-gb3e1d13bf4 (webtiles) character file.

Game seed: 11301873493665086976

61819 LustLizard the Brawler (level 15, -15/114 HPs)
             Began as an Octopode Shapeshifter on July 27, 2023.
             Was a High Priest of Hepliaklqana.
             Killed from afar by a raiju (19 damage)
             ... with a living lightning
             ... on level 1 of the Abyss.
             The game lasted 00:48:03 (24882 turns).

LustLizard the Brawler (Octopode Shapeshifter)     Turns: 24882, Time: 00:48:04

Health: -15/114    AC:  9    Str: 25    XL:     15   Next: 4%
Magic:  0/31       EV: 10    Int: 13    God:    Hepliaklqana [*****.]
Gold:   1739       SH:  0    Dex: 12    Spells: 11/24 levels left

rFire   + .          .
                       - Unarmed
rCold   + . .        x - melded +3 buckler {rC+}
rNeg    . . .        (helmet currently unavailable)
rPois   .            e - amulet of guardian spirit
rElec   .            c - ring of protection from cold
rCorr   .            j - ring of magical power
SInv    +            G - ring of see invisible
Will    +....        g - ring of flight
Stlth   ++           L - ring of protection from fire
HPRegen 0.39/turn    (no ring)
MPRegen 0.22/turn    (no ring)
                     (no ring)

%: guardian spirit
@: snake-form, flying, studying Long Blades
A: constrict, boosted hp, reduced essence, almost no armour, amphibious, 8
rings, large, (camouflage 1), (gelatinous body 1), (nimble swimmer 1),
(tentacles)
a: Begin Untransformation, Renounce Religion, Recall Ancestor, Ancestor
Identity, Transference, Idealise


You were on level 1 of the Abyss.
You worshipped Hepliaklqana.
Hepliaklqana was extremely pleased with you.
You were an enormous anaconda.
You visited 5 branches of the dungeon, and saw 20 of its levels.
You visited the Abyss 1 time.
You also visited: Ossuary and Volcano.

You collected 1997 gold pieces.
You spent 258 gold pieces at shops.

Inventory:

Missiles
 h - 9 poisoned darts
 E - 4 throwing nets
 F - 6 curare-tipped darts
Armour
 x - a +3 buckler of cold resistance (melded)
Jewellery
 c - a ring of protection from cold (left tentacle)
 e - an amulet of guardian spirit (around neck)
 g - a ring of flight (on tentacle)
 j - a ring of magical power (right tentacle)
 r - a ring of ice
 D - an amulet of faith
 G - a ring of see invisible (on tentacle)
 L - a ring of protection from fire (on tentacle)
Talismans
 b - a beast talisman
 o - a serpent talisman
Wands
 p - a wand of polymorph (5)
 s - a wand of charming (25)
 z - a wand of flame (11)
 C - a wand of acid (15)
 H - a wand of roots (10)
 O - a wand of mindburst (3)
Scrolls
 d - 8 scrolls of poison
 i - 3 scrolls of silence
 m - 2 scrolls of revelation
 n - 3 scrolls of enchant weapon
 t - 2 scrolls of teleportation
 u - 5 scrolls of vulnerability {unknown}
 y - 2 scrolls of fear {unknown}
 I - a scroll of immolation {unknown}
 J - a scroll of amnesia {unknown}
 N - 2 scrolls of blinking {unknown}
Potions
 a - 2 potions of lignification
 f - 2 potions of curing
 l - 3 potions of haste
 q - 6 potions of brilliance
 v - 3 potions of enlightenment
 w - 3 potions of ambrosia
 A - 4 potions of might
 B - a potion of resistance {unknown}
 M - 3 potions of mutation
 Q - a potion of magic {unknown}
Miscellaneous
 K - a phantom mirror
 P - a lightning rod (4/4)


   Skills:
 + Level 11.0 Fighting
 - Level 2.0 Dodging
 - Level 4.0 Stealth
 - Level 6.0 Shields
 * Level 15.5 Unarmed Combat
 - Level 5.0 Spellcasting
 - Level 6.7 Conjurations
 + Level 9.4 Fire Magic
 - Level 4.0 Air Magic
 + Level 9.7 Shapeshifting


You had 11 spell levels left.
You knew the following spells:

 Your Spells              Type           Power      Damage    Failure   Level
a - Shock                 Conj/Air       68%        1d7       1%          1
b - Fireball              Conj/Fire      12%        3d7       19%         5
c - Swiftness             Air            13%        N/A       11%         3
d - Flame Wave            Conj/Fire      24%        2d8       7%          4

Your spell library contained the following spells:

 Spells                   Type           Power      Damage    Failure   Level
 Scorch                   Fire           54%        2d7       1%          2
 Kiss of Death            Conj/Necr      44%        2d8       4%          1
 Sticky Flame             Conj/Fire      24%        2d5       7%          4
 Mephitic Cloud           Conj/Pois/Air  12%        N/A       13%         3
 Hailstorm                Conj/Ice       11%        3d5       14%         3
 Ignite Poison            Fire/Tmut/Pois 11%        N/A       16%         3
 Vhi's Electric Charge    Tloc/Air       16%        N/A       24%         3
 Ensorcelled Hibernation  Hex/Ice        6%         N/A       28%         2
 Passwall                 Tmut/Erth      2%         N/A       28%         2
 Wereblood                Tmut           3%         N/A       28%         2
 Confusing Touch          Hex            3%         N/A       50%         3
 Arcjolt                  Conj/Air       8%         1d18      50%         5
 Irradiate                Conj/Tmut      5%         3d13      78%         5
 Cause Fear               Hex            1%         N/A       88%         4
 Dispel Undead            Necr           3%         3d7       88%         4
 Summon Ice Beast         Ice/Summ       3%         N/A       88%         4
 Plasma Beam              Fire/Air       10%        2x1d21    88%         6
 Yara's Violent Unravell  Hex/Tmut       1%         3d3       99%         5
 Simulacrum               Ice/Necr       1%         N/A       100%        6
 Summon Cactus Giant      Summ           1%         N/A       100%        6
 Ignition                 Fire           13%        3d6       100%        8
 Dragon's Call            Summ           1%         N/A       100%        9


Dungeon Overview and Level Annotations

Branches:
Dungeon (11/15)            Temple (1/1) D:7            Lair (5/5) D:11
 Shoals (1/4) Lair:2        Snake (0/4) Lair:2        Slime (0/5) Lair:5
    Orc (2/2) D:10            Elf (0/3) Orc:2       Ossuary (visited)
Volcano (visited)

Altars:
Ashenzari
Cheibriados
Dithmenos
Elyvilon
Fedhas
Gozag
Hepliaklqana
Kikubaaqudgha
Makhleb
Nemelex Xobeh
Okawaru
Qazlal
Ru
Sif Muna
Trog
Uskayaw
Vehumet
Wu Jian
Xom
Yredelemnul
Zin
The Shining One
Jiyva
Lugonu

Shops:
D:1 !   D:4 [   D:5 :   D:7 [   Orc:1 [

Portals:
Abyss: Lair:5

Annotations:
D:9 2 runed translucent doors
D:11 1 runed translucent door
Lair:2 3 runed translucent doors, Bitumen's ghost, journeyman OpSh; Tollund's ghost, journeyman HOMo; jejorda2's ghost, journeyman GnBe
Orc:2 Erolcha


Innate Abilities, Weirdness & Mutations

You are an enormous anaconda.
You have a powerful constriction melee attack.
Your maximum health is increased.
Your armour is entirely melded.
You are incapable of wielding weapons or throwing items.
Your life essence is reduced to manifest your ancestor. (-10% HP)
You cannot wear most types of armour.
You are amphibious.
You can wear up to eight rings at the same time.
((Your skin changes colour to match your surroundings (Stealth+).))
((Your rubbery body absorbs attacks. (AC +1, EV +1)))
((You are camouflaged when in or above water. (Stealth+)))
((You have tentacles for arms and can constrict up to eight enemies at once.))


Message History

You constrict the raiju. The raiju bites you.
* * * LOW HITPOINT WARNING * * *
The raiju shocks you!
* * * LOW HITPOINT WARNING * * *
A ynoxinul comes into view.
A chaos spawn comes into view.
You release your grip on the raiju.
The raiju attacks as you move away! The raiju bites you but does no damage.
The raiju bites Yayatum!
The raiju shocks Yayatum!
Yayatum is destroyed!
Unknown command.
You feel better.
You feel better. The raiju bites you but does no damage.
The raiju closely misses you.
You body-slam the raiju!!
Your grab misses the raiju.
The raiju is almost dead.
The raiju bites you but does no damage.
The raiju bursts into living lightning!
The living lightning hits you!!
* * * LOW HITPOINT WARNING * * *
The raiju blinks!
You body-slam the raiju!!
You kill the raiju!
The raiju bites you but does no damage.
Unknown command.
You hit the raiju but do no damage. Your grab misses the raiju.
You closely miss the raiju. You grab the raiju. You constrict the raiju.
The raiju struggles to escape constriction.
You lash the raiju!
The raiju is heavily wounded.
You constrict the raiju.
The raiju bursts into living lightning!
The living lightning hits you!
* * * LOW HITPOINT WARNING * * *
The raiju blinks free!
You barely miss the raiju. You grab the raiju.
The raiju is heavily wounded.
You constrict the raiju.
The raiju bursts into living lightning!
The living lightning hits you!!
You die...

# ##....... .# #...
... .. . .... .. .
.. .. .... ## ##
####.. ### # ......
.######
...............####
...... .........S†#
#. .. #######...#h#
.....#
#...#hh..h... ...
#...##'##.h8. ...
#....... 4. .....
#.......# .# #...
...# . ...# #...
... # ...3


You could see 3 raiju.

Vanquished Creatures
  A lich (Abyss:1)
  2 hydras
  A boulder beetle (D:11)
  3 centaur warriors
  2 thrashing horrors (Lair:5)
  Nergalle (Orc:1)
  An orange crystal statue (D:9)
  A large abomination (Lair:5)
  A cyclops (D:11)
  3 ugly things (Lair:5)
  2 manticores
  A worldbinder (Abyss:1)
  17 elephants
  A black mamba (Lair:5)
  3 merfolk sirens (Lair:2)
  4 cane toads
  A gargoyle (D:10)
  A molten gargoyle (Volcano)
  A smoke demon (Lair:5)
  An unseen horror (D:11)
  A rime drake (Lair:3)
  4 komodo dragons
  A yaktaur (Volcano)
  An ancient zyme (Abyss:1)
  A meliai (D:8)
  A troll (shapeshifter) (Lair:5)
  A merfolk (Lair:2)
  5 trolls
  A hornet (D:10)
  2 polar bears
  9 blink frogs
  7 dream sheep
  2 raiju
  Sigmund (D:5)
  A spriggan (Lair:5)
  2 shadows
  11 yaks
  2 basilisks (Lair:5)
  2 ynoxinuls (Lair:5)
  4 wyverns
  2 vampire mosquitoes (D:11)
  2 chaos spawn (Lair:5)
  6 small abominations
  2 nagas (Lair:2)
  A hell hound (Lair:2)
  6 water moccasins
  8 orc warriors
  4 black bears
  A sky beast (D:7)
  3 ogres
  9 wolves
  3 centaurs
  2 phantoms (D:6)
  5 bullfrogs
  2 scorpions (D:5)
  3 water moccasin zombies (Ossuary)
  11 wights
  5 killer bees (D:9)
  4 howler monkeys
  A bullfrog zombie (Ossuary)
  4 lava snakes (Volcano)
  3 centaur zombies (Ossuary)
  3 hounds (D:5)
  A jelly (D:7)
  A gnoll bouda (D:5)
  10 orc priests
  2 scorpion zombies (Ossuary)
  4 iguanas
  12 orc wizards
  11 gnolls
  6 adders
  2 shadow imps
  An ufetubus (Abyss:1)
  7 adder zombies (Ossuary)
  2 worms
  3 dart slugs
  89 orcs
  10 bats
  6 endoplasms
  2 giant cockroaches
  2 gnoll zombies (Ossuary)
  10 goblins
  11 hobgoblins
  3 jackals (D:4)
  A quokka (D:1)
  6 ball pythons
  A frilled lizard (D:1)
  4 goblin zombies (Ossuary)
  3 hobgoblin zombies (Ossuary)
  5 kobolds
  4 orc zombies (Ossuary)
  7 rats
423 creatures vanquished.

Vanquished Creatures (collateral kills)
  A tentacled starspawn (Abyss:1)
  A revenant (Abyss:1)
  A red draconian (Volcano)
  A catoblepas (D:8)
  3 hydras
  A two-headed ogre (D:10)
  A thrashing horror (Lair:5)
  A soul eater (Abyss:1)
  A skyshark (Lair:5)
  6 elephants
  A molten gargoyle (Volcano)
  2 cane toads
  8 komodo dragons
  A rime drake (Lair:3)
  An efreet (D:8)
  2 trolls (Orc:1)
  13 blink frogs
  A hornet (Lair:3)
  4 dream sheep
  2 ynoxinuls (Lair:5)
  A vampire (D:8)
  A spriggan (Lair:5)
  2 wyverns
  3 large abominations (Abyss:1)
  2 fire bats (Volcano)
  6 yaks
  2 basilisks
  A vampire mosquito (D:11)
  3 steam dragons
  9 small abominations
  A naga (Lair:2)
  A hell hound (Lair:2)
  2 water moccasins
  8 orc warriors
  A black bear (D:11)
  2 centaurs
  2 ogres
  7 wolves
  3 bullfrogs
  A gnoll sergeant (D:11)
  2 wights
  2 howler monkeys (D:10)
  2 lava snakes (Volcano)
  An iron imp (Abyss:1)
  9 orc priests
  A gnoll bouda (D:9)
  7 orc wizards
  4 gnolls
  A white imp (Abyss:1)
  An ufetubus (Abyss:1)
  16 orcs
156 creatures vanquished.

Vanquished Creatures (others)
  23 battlemagi
  2 ancestors (D:8)
  2 starspawn tentacles (Abyss:1)
27 creatures vanquished.

Grand Total: 606 creatures vanquished

Notes
Turn   | Place    | Note
-------+----------+-------------------------------------------
     0 | D:1      | LustLizard the Octopode Shapeshifter began the quest for
                  | the Orb.
     0 | D:1      | Reached XP level 1. HP: 13/13 MP: 1/1
    63 | D:1      | Reached XP level 2. HP: 18/18 MP: 2/2
    79 | D:1      | Reached skill level 1 in Stealth
   102 | D:1      | Found Wouv's Distillery.
   401 | D:1      | Reached XP level 3. HP: 22/23 MP: 3/3
  1232 | D:2      | Reached XP level 4. HP: 22/29 MP: 2/4
  1707 | D:3      | Reached skill level 1 in Spellcasting
  1996 | D:3      | Reached skill level 4 in Unarmed Combat
  1996 | D:3      | Reached XP level 5. HP: 34/34 MP: 6/6
  2451 | D:4      | Found Wowoudip's Antique Armour Shoppe.
  2675 | D:4      | Reached XP level 6. HP: 19/41 MP: 3/8
  3260 | D:5      | Entered Level 5 of the Dungeon
  3365 | D:5      | Noticed a black bear
  3371 | D:5      | Killed a black bear
  3505 | D:5      | Noticed Sigmund
  3531 | D:4      | Reached skill level 5 in Unarmed Combat
  3661 | D:5      | Killed Sigmund
  3662 | D:5      | Reached XP level 7. HP: 46/46 MP: 10/10
  3819 | D:5      | Reached skill level 6 in Unarmed Combat
  3819 | D:5      | Reached XP level 8. HP: 39/53 MP: 12/12
  4715 | D:5      | Found Kimetean's Tiny Tomes.
  4722 | D:5      | Bought the Cyclopedia of the Missiles for 56 gold pieces
  4724 | D:5      | Learned a level 1 spell: Shock
  4874 | D:6      | Reached skill level 7 in Unarmed Combat
  5045 | D:6      | You fall into a shaft and drop 2 floors!
  5078 | D:7      | Found a staircase to the Ecumenical Temple.
  5084 | Temple   | Entered the Ecumenical Temple
  5107 | Temple   | Became a worshipper of Hepliaklqana the Forgotten
  5270 | D:7      | Found a sand-covered staircase.
  5399 | Ossuary  | Entered an ossuary
  5463 | Ossuary  | Reached skill level 1 in Conjurations
  5465 | Ossuary  | Reached skill level 1 in Air Magic
  5577 | Ossuary  | Reached XP level 9. HP: 58/59 MP: 14/14
  5747 | Ossuary  | Noticed a silent spectre
  5845 | D:7      | Reached skill level 5 in Shapeshifting
  6034 | D:7      | Found Feaxuiz's Antique Armour Emporium.
  6042 | D:7      | Bought a shiny buckler for 202 gold pieces
  6208 | D:7      | Reached skill level 5 in Fighting
  6422 | D:7      | Reached skill level 8 in Unarmed Combat
  6477 | D:7      | Reached skill level 1 in Shields
  6705 | D:7      | Reached * piety under Hepliaklqana
  6867 | D:7      | Found a radiant altar of Vehumet.
  6913 | D:7      | Found the +7 staff of the Meek {protect, meekguard}
  7556 | D:6      | Learned a level 5 spell: Fireball
  8019 | D:8      | Reached skill level 1 in Fire Magic
  8019 | D:8      | Reached XP level 10. HP: 58/59 MP: 14/17
  8209 | D:8      | Reached ** piety under Hepliaklqana
  8210 | D:8      | Remembered your ancestor Yayatum as a battlemage
  8342 | D:8      | Noticed a catoblepas
  8354 | D:8      | Killed a catoblepas
  8355 | D:8      | Reached skill level 9 in Unarmed Combat
  8355 | D:8      | Reached skill level 5 in Spellcasting
  8483 | D:8      | Noticed a centaur warrior
  8494 | D:8      | Killed a centaur warrior
  8626 | D:9      | Found a runed translucent door.
  8674 | D:9      | Found a runed translucent door.
  8942 | D:9      | Identified the +9 trident of Truncation {freeze, Dex+3}
  9472 | D:9      | Found a runed translucent door.
  9676 | D:9      | Reached XP level 11. HP: 65/66 MP: 18/18
  9771 | D:9      | Found a runed translucent door.
  9954 | D:9      | Noticed an orange crystal statue
 10208 | D:10     | Entered Level 10 of the Dungeon
 10217 | D:10     | Reached skill level 10 in Unarmed Combat
 10287 | D:10     | Noticed a two-headed ogre
 10294 | D:10     | Killed a two-headed ogre
 10455 | D:10     | Found a staircase to the Orcish Mines.
 10888 | D:10     | Found a hide-covered altar of Uskayaw.
 11317 | D:11     | Noticed a boulder beetle
 11326 | D:11     | Killed a boulder beetle
 11390 | D:11     | Noticed a cyclops
 11395 | D:11     | Killed a cyclops
 11509 | D:11     | Found an opulent altar of Gozag.
 11509 | D:11     | Noticed a manticore
 11520 | D:11     | Killed a manticore
 12087 | D:11     | Noticed a catoblepas
 12087 | D:11     | Noticed a catoblepas
 12087 | D:11     | Noticed a yaktaur captain
 12088 | D:11     | Found a runed translucent door.
 12090 | D:11     | Noticed a deep troll
 12090 | D:11     | Noticed a stone giant
 12090 | D:11     | Noticed a storm dragon
 12090 | D:11     | Noticed a harpy
 12090 | D:11     | Noticed an ice dragon
 12215 | D:11     | Found a staircase to the Lair.
 12222 | D:11     | Reached skill level 5 in Shields
 12227 | D:11     | Reached skill level 5 in Conjurations
 12540 | D:11     | Reached *** piety under Hepliaklqana
 13344 | D:8      | Noticed a manticore
 13347 | D:8      | Killed a manticore
 13373 | D:8      | Noticed a centaur warrior
 13394 | D:8      | Killed a centaur warrior
 13395 | D:8      | Reached skill level 11 in Unarmed Combat
 13450 | D:8      | Reached XP level 12. HP: 59/72 MP: 19/19
 13547 | D:9      | Noticed a two-headed ogre
 13761 | Lair:1   | Entered Level 1 of the Lair of Beasts
 13883 | Lair:1   | Learned a level 3 spell: Swiftness
 13920 | Lair:1   | Reached skill level 5 in Fire Magic
 14234 | Lair:1   | Identified the +1 sling of Wariness {freeze, Str+2}
 14850 | Lair:2   | Found a staircase to the Snake Pit.
 14876 | Lair:2   | Reached **** piety under Hepliaklqana
 14963 | Lair:2   | Found a dark tunnel.
 14972 | Volcano  | Entered a volcano
 15072 | Volcano  | Found a burning altar of Makhleb.
 15072 | Volcano  | Noticed a centaur warrior
 15079 | Volcano  | Killed a centaur warrior
 15211 | Volcano  | Noticed a red draconian
 15226 | Volcano  | Killed a red draconian
 15451 | Volcano  | Got the Meditations on Mutable Blight
 15751 | Lair:2   | Reached skill level 12 in Unarmed Combat
 15834 | Lair:2   | Learned a level 4 spell: Flame Wave
 15844 | Lair:2   | Found a runed translucent gate.
 15844 | Lair:2   | Found a runed translucent gate.
 15844 | Lair:2   | Found a runed translucent gate.
 15845 | Lair:2   | Noticed jejorda2's ghost (journeyman GnBe)
 15845 | Lair:2   | Noticed Tollund's ghost (journeyman HOMo)
 15846 | Lair:2   | Noticed Bitumen's ghost (journeyman OpSh)
 16091 | Lair:2   | Found a staircase to the Shoals.
 16628 | Shoals:1 | Entered Level 1 of the Shoals
 16794 | Lair:3   | Noticed an eight-headed hydra
 16809 | Lair:3   | Killed an eight-headed hydra
 16810 | Lair:3   | Reached XP level 13. HP: 54/80 MP: 13/20
 17325 | Lair:3   | Reached skill level 13 in Unarmed Combat
 17940 | Lair:3   | Reached ***** piety under Hepliaklqana
 18065 | Lair:3   | Identified the +10 sling "Owevetaq" {flame, rElec rF+++
                  | Int-5 SInv}
 18350 | Lair:3   | HP: 2/90 [elephant (13)]
 20135 | Lair:5   | Entered Level 5 of the Lair of Beasts
 20437 | Lair:5   | Reached skill level 14 in Unarmed Combat
 20437 | Lair:5   | Reached XP level 14. HP: 67/88 MP: 15/21
 20682 | Lair:5   | Found a viscous altar of Jiyva.
 20700 | Lair:5   | Found a staircase to the Slime Pits.
 20820 | Lair:5   | Reached skill level 10 in Fighting
 23066 | Lair:5   | Found a corrupted altar of Lugonu.
 23066 | Lair:5   | Found a one-way gate to the infinite horrors of the Abyss.
 23253 | Orc:1    | Entered Level 1 of the Orcish Mines
 23286 | Orc:1    | Reached skill level 15 in Unarmed Combat
 23293 | Orc:1    | Noticed Nergalle
 23305 | Orc:1    | Killed Nergalle
 23745 | Orc:1    | Found Cuidduh's Antique Armour Boutique.
 23985 | Orc:2    | Entered Level 2 of the Orcish Mines
 23999 | Orc:2    | Noticed Erolcha
 24404 | Orc:2    | Found a staircase to the Elven Halls.
 24521 | Abyss:1  | Cast into level 1 of the Abyss (Erolcha)
 24619 | Abyss:1  | Noticed a tentacled starspawn
 24626 | Abyss:1  | Killed a tentacled starspawn
 24641 | Abyss:1  | Found a corrupted altar of Lugonu.
 24650 | Abyss:1  | Noticed a revenant
 24660 | Abyss:1  | Killed a revenant
 24845 | Abyss:1  | Noticed a lich
 24858 | Abyss:1  | Killed a lich
 24859 | Abyss:1  | Reached XP level 15. HP: 15/95 MP: 5/22
 24873 | Abyss:1  | HP: 5/114 [raiju (6)]
 24881 | Abyss:1  | HP: 4/114 [raiju/living lightning (7)]
 24882 | Abyss:1  | Killed from afar by a raiju

Illustrated notes

Levels and vault maps discovered:
D:1:      noname_arrival_rooms_in_the_neighbourhood, layout_basic, serial_shops,
          shop
D:2:      layout_basic
D:3:      layout_loops_cross, roderic_cross_of_infinity
D:4:      layout_layer_cave, serial_shops, nicolae_inconvenience_store,
          nicolae_letterblocks [nicolae_letter_subblock,
          nicolae_letter_subblock, nicolae_letter_subblock,
          nicolae_letter_subblock, nicolae_letter_subblock,
          nicolae_letter_subblock, nicolae_letter_subblock,
          nicolae_letter_subblock, nicolae_letter_subblock,
          nicolae_letter_subblock, nicolae_letter_subblock,
          nicolae_letter_subblock, nicolae_letter_subblock,
          nicolae_letter_subblock, nicolae_letter_subblock,
          nicolae_letter_subblock, nicolae_letter_subblock,
          nicolae_letter_subblock, nicolae_letter_subblock,
          nicolae_letter_subblock, nicolae_letter_subblock,
          nicolae_letter_subblock, nicolae_letter_subblock,
          nicolae_letter_subblock, nicolae_letter_subblock]
D:5:      minmay_diamond_boxcup, layout_gridville,
          hangedman_decor_clover_reticule, nicolae_shop_i_like_small_books_too,
          uniq_sigmund
D:6:      layout_loops_ring
D:7:      kennysheep_steamy, layout_loops_corners, vehumet_altar_wand_db,
          minmay_temple_entry_enclosed_plants, chequers_ossuary_entry_cave,
          serial_shops, nicolae_shop_temple_entry_statues_fountains,
          pf_guarded_unrand_meek
D:8:      layout_rooms, minmay_evil_grid
D:9:      layout_irregular_city, minmay_statue_crystal_thing
D:10:     layout_loops_ring, nicolae_uskayaw_murder_on_the_dancefloor,
          hiddenorc2_lemuel
D:11:     minmay_gate_of_8, layout_loops_cross, david_lair_generic,
          minivault_22, minivault_26,
          nicolae_gozag_cash_rules_everything_around_me
Temple:   mainiacjoe_temple_big_plus
Lair:1:   layout_hall_layers, infiniplex_staircase_pool_2
Lair:2:   layout_concentric_octagons, elwin_shoals_entry_stream,
          guppyfry_snake_entry_island, gammafunk_ghost_cemetery, enter_volcano_3
Lair:3:   layout_loops_ring, serial_bayou_shore_b
Lair:4:   layout_small_grid, grunt_forest_large_clearings, serial_bayou_shore_b
Lair:5:   hellmonk_lair_end_abyssal_woods, layout_cellular_growth, slime_entry_1
Shoals:1: layout_shoals
Orc:1:    layout_caves, serial_shops, nicolae_shop_overgrown_old_shop,
          uniq_nergalle
Orc:2:    pf_orc_diabolical, layout_caves, uniq_erolcha
Abyss:1:  base:
Snake:4

Skill      XL: |  1  2  3  4  5  6  7  8  9 10 11 12 13 14 |
---------------+-------------------------------------------+-----
Stealth        | 1 2 3 4 |  4.0
Spellcasting   | 1 2 3 4 5 |  5.0
Fighting       | 2 3 4 5 6 7 8 9 11 | 11.0
Unarmed Combat | 4 5 6 7 8 9 11 12 14 15 | 15.5
Shapeshifting  | 4 5 6 7 8 9 |  9.7
Conjurations   | 1 2 4 5 6 |  6.7
Air Magic      | 1 2 3 4 |  4.0
Shields        | 2 4 5 6 |  6.0
Fire Magic     | 1 3 4 6 7 9 |  9.4
Dodging        | |  2.0

Action                     |  1- 3 |  4- 6 |  7- 9 | 10-12 | 13-15 || total
---------------------------+-------+-------+-------+-------+-------++-------
  Melee: Unarmed           |    71 |   119 |   251 |   229 |   340 ||  1010
         Constrict         |    27 |    32 |    58 |    47 |    61 ||   225
         Punch             |     3 |     5 |    11 |    12 |       ||    31
         Tentacles         |    13 |    25 |    69 |    31 |       ||   138
  Throw: Dart              |       |     3 |     6 |     9 |       ||    18
   Cast: Shock             |       |       |    78 |   264 |   500 ||   842
         Flame Wave        |       |       |       |       |     3 ||     3
         Swiftness         |       |       |       |       |     1 ||     1
         Fireball          |       |       |       |       |     4 ||     4
 Invoke: Ancestor Life: Ba |       |       |       |     1 |       ||     1
         Recall Ancestor   |       |       |       |     1 |     3 ||     4
  Evoke: Wand              |       |       |       |     7 |       ||     7
         Phantom mirror    |       |       |       |     1 |       ||     1
    Use: Scroll            |       |     6 |       |    13 |     4 ||    23
         Potion            |       |       |     1 |     4 |     7 ||    12
   Stab: Sleeping          |    10 |    12 |     6 |     4 |       ||    32
         Distracted        |     1 |       |       |     2 |     3 ||     6
 Armour: Skin              |     9 |     4 |    18 |    39 |   163 ||   233
  Dodge: Dodged            |    34 |    55 |    90 |   105 |   210 ||   494
  Block: Buckler           |       |       |       |    20 |     1 ||    21
   Form: Anaconda          |       |       |       |     1 |       ||     1

Table legend: (Time is in decaauts)
 A = Elapsed time spent in this place.
 B = Non-inter-level travel time spent in this place.
 C = Inter-level travel time spent in this place.
 D = Time resting spent in this place.
 E = Time spent auto-exploring this place.
 F = Levels seen in this place.
 G = Mean time per level.
                   A        B        C        D        E       F      G
               +--------+--------+--------+--------+--------+-----+--------+
         Total |  24705 |  23252 |   1453 |   2764 |  16028 |  23 | 1074.1 |
       Dungeon |  13311 |  12264 |   1047 |   1612 |   8296 |  11 | 1210.1 |
        Temple |     45 |      2 |     43 |      0 |      0 |   1 |   45.0 |
          Lair |   8639 |   8311 |    328 |    536 |   6418 |   5 | 1727.8 |
        Shoals |      1 |      1 |      0 |      0 |      0 |   1 |    1.0 |
  Orcish Mines |   1257 |   1223 |     34 |    244 |    754 |   2 |  628.5 |
         Abyss |    347 |    347 |      0 |    126 |     73 |   1 |  347.0 |
       Ossuary |    372 |    372 |      0 |    128 |     65 |   1 |  372.0 |
       Volcano |    729 |    729 |      0 |    118 |    422 |   1 |  729.0 |
               +--------+--------+--------+--------+--------+-----+--------+

Top non-repeatable levels by time:
  Lair:5: 3000 daAuts
     D:7: 2263 daAuts
  Lair:3: 2021 daAuts
     D:9: 1823 daAuts
     D:5: 1535 daAuts
    D:11: 1389 daAuts
  Lair:2: 1344 daAuts
  Lair:4: 1235 daAuts
     D:8: 1226 daAuts
    D:10: 1161 daAuts
  Lair:1: 1038 daAuts
     D:4: 1022 daAuts
     D:2: 881 daAuts
   Orc:1: 859 daAuts
     D:3: 804 daAuts
